 Dungeon Crawl Stone Soup version 0.16.0-8-gd9ae3a8 (webtiles) character file.

147 Palladion the Firebug (level 5, 0/35 HPs)
             Began as a Demonspawn Fire Elementalist on Mar 17, 2015.
             Was an Initiate of Vehumet.
             Slain by an adder (3 damage)
             ... on level 3 of the Dungeon.
             The game lasted 00:06:34 (1506 turns).

Palladion the Firebug (DsFE)                        Turns: 1506, Time: 00:06:34

Health: 0/35       AC:  6    Str:  8    XL:     5   Next: 8%
Magic:  11/11      EV: 11    Int: 17    God:    Vehumet [......]
Gold:   107        SH:  0    Dex: 14    Spells: 2 memorised, 6 levels left

rFire  . . .     SeeInvis .     p - +0 spear
rCold  . . .     Clarity  .     a - +0 robe
rNeg   . . .     SustAb   .     (no shield)
rPois  .         Gourm    .     (no helmet)
rElec  .         Spirit   .     (no cloak)
rCorr  .         Warding  .     i - +0 pair of gloves
rMut   .         Stasis   .     (no boots)
MR     .....                    (no amulet)
Stlth  ++........               (no ring)
                                (no ring)

@: not resistant to hostile enchantments, unstealthy
A: talons 1, molten scales 2, demonic guardian 1
a: Renounce Religion


You were on level 3 of the Dungeon.
You worshipped Vehumet.
Vehumet was noncommittal.
You were very hungry.

You visited 1 branch of the dungeon, and saw 3 of its levels.

You collected 107 gold pieces.

Inventory:

Hand weapons
 p - a +0 spear (weapon)
 s - a +0 hunting sling
 t - a +0 blowgun
Missiles
 o - 19 sling bullets
Armour
 a - a +0 robe (worn)
 h - a +0 shield
 i - a +0 pair of gloves (worn)
Jewellery
 v - an uncursed ring of poison resistance {unknown}
Magical devices
 w - a wand of random effects (10)
Scrolls
 d - a scroll of fog {unknown}
 e - 2 scrolls of identify {unknown}
 g - 2 scrolls of noise {unknown}
 k - a scroll of enchant armour {unknown}
 l - a scroll of magic mapping {unknown}
 u - a scroll of remove curse {unknown}
Potions
 n - a potion of magic {unknown}
 q - a potion of agility {unknown}
 r - a potion of lignification {unknown}
Books
 b - a book of Flames

   Spells                             Type                      Level
   a - Flame Tongue                   Conjuration/Fire             1
   b - Throw Flame                    Conjuration/Fire             2
   c - Conjure Flame                  Conjuration/Fire             3
   d - Inner Flame                    Hexes/Fire                   3
   e - Sticky Flame                   Conjuration/Fire             4
   f - Fireball                       Conjuration/Fire             5
Comestibles
 c - 2 bread rations
 f - a meat ration


   Skills:
 - Level 1.7 Dodging
 - Level 1.7 Stealth
 + Level 1.7 Shields
 + Level 3.0 Spellcasting
 + Level 2.4 Conjurations
 + Level 3.6 Fire Magic


You had 6 spell levels left.
You knew the following spells:

 Your Spells              Type           Power        Failure   Level  Hunger
a - Flame Tongue          Conj/Fire      ##...        6%          1    None
b - Conjure Flame         Conj/Fire      ##......     17%         3    ###....


Dungeon Overview and Level Annotations

Branches:
Dungeon (3/15)

Altars:
Dithmenos
Elyvilon
Fedhas
Vehumet

Annotations:
D:2 Sigmund
D:3 axaxaxas' ghost, average DgAr


Innate Abilities, Weirdness & Mutations

You have sharp toenails.
You are mostly covered in molten scales (AC +3, EV -1).
A weak demonic guardian rushes to your aid.


Message History

A rat comes into view.
The magic dart hits you!
* * * LOW HITPOINT WARNING * * *
The adder bites you.
* * * LOW HITPOINT WARNING * * *
The adder misses you. The rat bites you but does no damage.
Drink which item? (? for menu, Esc to quit)
It was a potion of brilliance.
You feel clever all of a sudden. The adder misses you.
The rat bites you but does no damage. The adder bites you but does no damage.
Your crimson imp hits the rat.
You hear some strange, mumbled words.
The rat bites your crimson imp but does no damage.
Drink which item? (? for menu, Esc to quit)
It was a potion of cancellation.
Your magical effects are unravelling.
You feel magically purged.
You feel yourself speed up.
You feel a little less clever now. The adder bites you.
You die...

#.##...........###
#
#.##.#.####..#.#..
#.##.#.# #..#.#.#
#)##.#.# #..#.#.#
#<##.#.#
#..#.#.####.#
)......# #.
#........#
.(...###
###ยง###### ###..#
#S# ### # #..# #@#
#.. ###.## #r# #.#
....# #5# #.#
#.#.# ..#
##########.# ....#
### #...........
....###.
#...........
........
####..#######.#
..._.### #.....#
##.# ......#
..######.###.#
#...


You could see an adder, a rat and a friendly crimson imp.

Vanquished Creatures
  An orc wizard (D:3)
  An orc priest (D:3)
  4 adders
  A giant mite (D:1)
  A giant gecko (D:1)
  5 orcs (D:3)
  2 giant cockroaches
  5 goblins
  4 hobgoblins
  6 jackals
  2 ball pythons
  4 bats
  3 giant newts
  8 kobolds
  A quokka (D:3)
  3 rats (D:1)
51 creatures vanquished.

Vanquished Creatures (others)
  A crimson imp (D:3)
  2 quasits (D:3)
  2 ufetubi (D:3)
5 creatures vanquished.

Grand Total: 56 creatures vanquished

Notes
Turn   | Place    | Note
--------------------------------------------------------------
     0 | D:1      | Palladion, the Demonspawn Fire Elementalist, began the quest for the Orb.
     0 | D:1      | Reached XP level 1. HP: 13/13 MP: 3/3
   161 | D:1      | Reached skill level 3 in Fire Magic
   161 | D:1      | Gained mutation: You are partially covered in molten scales (AC +1). [demonic ancestry]
   161 | D:1      | Reached XP level 2. HP: 19/19 MP: 0/4
   462 | D:1      | Gained mutation: You have sharp toenails. [demonic ancestry]
   462 | D:1      | Reached XP level 3. HP: 20/24 MP: 0/6
   687 | D:2      | Noticed Sigmund
   805 | D:2      | Reached skill level 1 in Shields
   836 | D:2      | Learned a level 3 spell: Conjure Flame
  1094 | D:3      | Gained mutation: A weak demonic guardian rushes to your aid. [demonic ancestry]
  1094 | D:3      | Reached XP level 4. HP: 28/30 MP: 6/8
  1113 | D:3      | Found a shadowy altar of Dithmenos.
  1114 | D:3      | Found a radiant altar of Vehumet.
  1124 | D:3      | Found a blossoming altar of Fedhas.
  1128 | D:3      | Became a worshipper of Vehumet
  1272 | D:3      | Found a white marble altar of Elyvilon.
  1279 | D:3      | Gained mutation: You are mostly covered in molten scales (AC +3, EV -1). [demonic ancestry]
  1279 | D:3      | Reached XP level 5. HP: 18/35 MP: 8/10
  1425 | D:3      | Noticed axaxaxas' ghost (average DgAr)
  1506 | D:3      | Slain by an adder

Action                   |  1- 3 |  4- 6 || total
-------------------------+-------+-------++-------
Melee: Unarmed           |     9 |       ||     9
       Hand axe          |    13 |       ||    13
       Spear             |    52 |    37 ||    89
 Cast: Flame Tongue      |    24 |    11 ||    35
  Use: Potion            |       |     2 ||     2
 Stab: Sleeping          |     1 |     1 ||     2
       Distracted        |       |     1 ||     1
  Eat: Chunk             |     1 |       ||     1
